 Dungeon Crawl Stone Soup version 0.30-a0-540-g0af01429fa (webtiles) character file.

Game seed: 10638626209117236386

466 greenreed the Cudgeller (level 6, 0/48 (56) HPs)
             Began as a Minotaur Fighter on Dec 26, 2022.
             Slain by Dowan
             ... wielding a +0 dagger
              (4 damage)
             ... on level 5 of the Dungeon.
             The game lasted 00:05:08 (2985 turns).

greenreed the Cudgeller (Minotaur Fighter)          Turns: 2985, Time: 00:05:08

HP:   0/48 (56)     AC:  7    Str: 23    XL:     6   Next: 81%
MP:   5/5           EV:  9    Int:  5    God:
Gold: 193           SH:  4    Dex:  9    Spells: 5/5 levels left

rFire   . . .      SeeInvis .    a - +0 flail
rCold   + . .      Faith    .    c - +0 buckler
rNeg    . . .      Spirit   .    b - +0 scale mail
rPois   +          Reflect  .    (helmet restricted)
rElec   .          Harm     .    (no cloak)
rCorr   .          Rampage  .    (no gloves)
Will    .....                    (no boots) Stlth
                                 (no amulet)
HPRegen 0.28/turn                j - ring of protection from cold
MPRegen 0.09/turn                t - ring of poison resistance

@: heavily drained
A: horns 2, retaliatory headbutt
a: no special abilities


You were on level 5 of the Dungeon.
You visited 1 branch of the dungeon, and saw 5 of its levels.

You collected 193 gold pieces.

Inventory:

Hand Weapons
 a - a +0 flail (weapon)
Armour
 b - a +0 scale mail (worn)
 c - a +0 buckler (worn)
Jewellery
 j - a ring of protection from cold (left hand)
 p - an amulet of faith
 q - a +4 ring of evasion
 t - a ring of poison resistance (right hand)
 u - a ring of protection from cold
 w - a ring of resist corrosion
Wands
 v - a wand of digging (6)
 x - a wand of flame (32)
 y - a wand of paralysis (6)
Scrolls
 d - a scroll of vulnerability {unknown}
 e - a scroll of teleportation {unknown}
 f - 6 scrolls of identify {unknown}
 g - a scroll of butterflies {unknown}
 i - 2 scrolls of fog {unknown}
 k - a scroll of silence {unknown}
 l - a scroll of enchant armour {unknown}
 s - a scroll of brand weapon {unknown}
Potions
 h - 3 potions of degeneration {unknown}
 m - 2 potions of attraction {unknown}
 n - a potion of lignification {unknown}
 o - 3 potions of flight {unknown}
 r - a potion of mutation {unknown}
 z - 2 potions of brilliance {unknown}


   Skills:
 * Level 5.3 Fighting
 * Level 6.4 Maces & Flails
 + Level 5.0 Armour
 + Level 1.4 Dodging
 + Level 0.2 Stealth
 + Level 4.2 Shields


You had 5 spell levels left.
You didn't know any spells.
Your spell library contained the following spells:

 Spells                   Type           Power      Damage    Failure   Level
 Freeze                   Ice            0%         1d3       86%         1
 Necrotise                Necr           0%         1d4       86%         1
 Frozen Ramparts          Ice            0%         1d1       99%         3
 Hailstorm                Conj/Ice       0%         3d3       99%         3
 Vampiric Draining        Necr           0%         2d6       99%         3
 Manifold Assault         Tloc           0%         N/A       100%        4
 Agony                    Necr           0%         N/A       100%        5
 Fireball                 Conj/Fire      0%         3d3       100%        5
 Iskenderun's Battlesphe  Conj           0%         2d6       100%        5
 Conjure Ball Lightning   Conj/Air       0%         3x3d7     100%        6
 Dispersal                Tloc           0%         N/A       100%        6
 Orb of Destruction       Conj           0%         9d5       100%        7
 Disjunction              Tloc           0%         N/A       100%        8


Dungeon Overview and Level Annotations

Branches:
Dungeon (5/15)
 Temple: D:4-7

Altars:
Fedhas
Ru

Shops:
D:3 [

Annotations:
D:5 3 runed translucent doors, Dowan; Duvessa; logorrheac's ghost, novice MiBe


Innate Abilities, Weirdness & Mutations

You have a pair of horns on your head.
You reflexively headbutt those who attack you in melee.


Message History

Duvessa is moderately wounded.
Duvessa hits you but does no damage.
You feel drained. The grasping roots constrict you!
You closely miss Duvessa.
Duvessa is moderately wounded.
Dowan gestures wildly while chanting.
Dowan blinks!
Duvessa hits you but does no damage.
You feel drained. The grasping roots constrict you.
You escape the roots grasp.
Duvessa says, "I don't care about looks, I care about technique!"
Duvessa zaps a wand.
The roots erupt in riotous growth!
The grasping roots grab you! The grasping roots constrict you.
You escape the roots grasp.
Duvessa hits you with a +1 rapier of draining!
You feel drained.
You sock Duvessa!
Duvessa is severely wounded.
Duvessa hits you with a +1 rapier of draining.
* * * LOW HITPOINT WARNING * * *
You feel drained.
* * * LOW HITPOINT WARNING * * *
You hit Duvessa but do no damage.
Duvessa is severely wounded.
Duvessa barely misses you.
You hit Duvessa. Your headbutt misses Duvessa.
Duvessa is severely wounded.
You block Duvessa's attack.
Duvessa zaps a wand.
The roots erupt in riotous growth!
The grasping roots grab you!
Duvessa is unaffected.
The grasping roots constrict you!
* * * LOW HITPOINT WARNING * * *
You escape the roots grasp.
Duvessa zaps a wand.
The roots erupt in riotous growth!
The grasping roots grab you! The grasping roots constrict you.
* * * LOW HITPOINT WARNING * * *
You escape the roots grasp.
Dowan hits you with a +0 dagger.
You die...

#)# #..............
#.# #..............
#.# ##'#.#<...###..
#.# ##.######## #..
#.# #..#(..8.# #..
#.# #..#...(.####.#
#.###..+W(...#....#
#.##...+....(#.....
#e@e...+..(=.#.....
####...#(...(#.....
#....#.....#.....
#....#######.....
#...... #.....
........ . #.....
...e..........#...
...........#......
............#[.....


You could see Duvessa, Dowan and logorrheac's ghost.

Vanquished Creatures
  An ogre (D:5)
  A centaur (D:5)
  A hound (D:4)
  A gnoll bouda (D:4)
  Jessica (D:2)
  An iguana (D:5)
  Terence (D:3)
  3 gnolls
  4 adders
  A worm (D:2)
  A dart slug (D:1)
  6 orcs (D:3)
  7 endoplasms
  2 giant cockroaches
  11 goblins
  5 hobgoblins
  7 jackals
  6 kobolds
  3 quokkas
  5 ball pythons
  7 bats
  5 frilled lizards
  11 rats
91 creatures vanquished.

Notes
Turn   | Place    | Note
-------+----------+-------------------------------------------
     0 | D:1      | greenreed the Minotaur Fighter began the quest for the Orb.
     0 | D:1      | Reached XP level 1. HP: 19/19 MP: 0/0
   149 | D:1      | Reached XP level 2. HP: 26/27 MP: 1/1
   475 | D:1      | Reached skill level 3 in Maces & Flails
   543 | D:2      | Reached XP level 3. HP: 33/33 MP: 2/2
   634 | D:2      | Noticed Jessica
   639 | D:2      | Killed Jessica
   718 | D:2      | Reached XP level 4. HP: 36/40 MP: 3/3
   756 | D:2      | Reached skill level 4 in Maces & Flails
   926 | D:3      | Found Foullo's Armour Boutique.
   957 | D:3      | Noticed Terence
   972 | D:3      | Killed Terence
  1395 | D:3      | Reached XP level 5. HP: 31/47 MP: 4/4
  1630 | D:3      | Found a blossoming altar of Fedhas.
  1759 | D:4      | Reached skill level 5 in Maces & Flails
  2209 | D:5      | Entered Level 5 of the Dungeon
  2376 | D:4      | HP: 2/47 [gnoll bouda/+0 club (6)]
  2378 | D:4      | Reached skill level 1 in Dodging
  2592 | D:5      | Reached skill level 5 in Fighting
  2592 | D:5      | Reached XP level 6. HP: 42/56 MP: 5/5
  2694 | D:5      | Found a sacrificial altar of Ru.
  2741 | D:5      | Reached skill level 6 in Maces & Flails
  2879 | D:5      | Reached skill level 5 in Armour
  2951 | D:5      | Found a runed translucent gate.
  2951 | D:5      | Found a runed translucent gate.
  2951 | D:5      | Found a runed translucent gate.
  2951 | D:5      | Noticed logorrheac's ghost (novice MiBe)
  2965 | D:5      | Noticed Duvessa
  2972 | D:5      | Noticed Dowan
  2985 | D:5      | Slain by Dowan

Illustrated notes

Levels and vault maps discovered:
D:1:      dpeg_arrival_chambers_temple_mockup, layout_rooms,
          grunt_decor_junction, minmay_vboxes
D:2:      layout_rooms, uniq_jessica
D:3:      layout_loops_cross, fedhas_altar_4, serial_shops,
          nicolae_shop_behind_doors, minmay_checkerbox, uniq_terence
D:4:      layout_cave_pools, wad_floor_pattern_untrapped,
          nicolae_concentric_dashed_squares_wild
D:5:      layout_basic, hangedman_ru_absence, ebering_ghost_rock_garden,
          uniq_duvessa

Skill      XL: |  1  2  3  4  5  6 |
---------------+-------------------+-----
Armour         | 4 5 |  5.0
Shields        | 4 |  4.2
Maces & Flails | 3 4 5 6 |  6.4
Fighting       | 4 5 |  5.3
Dodging        | 1 |  1.4
Stealth        | |  0.2

Action                   |  1- 3 |  4- 6 || total
-------------------------+-------+-------++-------
Melee: Flail             |    58 |   135 ||   193
       Headbutt          |     8 |    19 ||    27
  Use: Potion            |       |     1 ||     1
Armor: Scale mail        |    27 |    49 ||    76
Dodge: Dodged            |    21 |    95 ||   116
Block: Buckler           |    10 |    35 ||    45

Table legend: (Time is in decaauts)
 A = Elapsed time spent in this place.
 B = Non-inter-level travel time spent in this place.
 C = Inter-level travel time spent in this place.
 D = Time resting spent in this place.
 E = Time spent auto-exploring this place.
 F = Levels seen in this place.
 G = Mean time per level.
                   A        B        C        D        E       F      G
               +--------+--------+--------+--------+--------+-----+--------+
         Total |   3025 |   2949 |     76 |    271 |   2137 |   5 |  605.0 |
       Dungeon |   3025 |   2949 |     76 |    271 |   2137 |   5 |  605.0 |
               +--------+--------+--------+--------+--------+-----+--------+

Top non-repeatable levels by time:
     D:3: 828 daAuts
     D:4: 769 daAuts
     D:1: 541 daAuts
     D:5: 492 daAuts
     D:2: 393 daAuts
